 Dungeon Crawl Stone Soup version 0.23.2-30-g0e89c35649 (webtiles) character file.

Game seed: 5631110653253341159

483 Matador8 the Conjurer (level 6, -4/45 HPs)
             Began as a Draconian Fire Elementalist on June 19, 2019.
             Slain by an ice beast (10 damage)
             ... on level 5 of the Dungeon.
             The game lasted 00:27:03 (4689 turns).

Matador8 the Conjurer (Draconian Fire Elementalist) Turns: 4689, Time: 00:27:06

Health: -4/45      AC:  6    Str: 10    XL:     6   Next: 87%
Magic:  10/11      EV: 12    Int: 18    God:
Gold:   252        SH:  0    Dex: 11    Spells: 6/12 levels left

rFire    . . .     SeeInvis .   a - +0 dagger (venom)
rCold    . . .     Gourm    .   (no shield)
rNeg     . . .     Faith    .   (armour unavailable)
rPois    .         Spirit   .   (helmet restricted)
rElec    .         Reflect  .   (no cloak)
rCorr    .         Harm     .   (no gloves)
MR       .....                  (no boots)
Stlth    ++........             (no amulet)
HPRegen  0.15/turn              (no ring)
MPRegen  0.12/turn              (no ring)

@: no status effects
A: unfitting armour, cold-blooded, AC +6
a: no special abilities


You were on level 5 of the Dungeon.
You were not hungry.

You visited 1 branch of the dungeon, and saw 5 of its levels.

You collected 252 gold pieces.

Inventory:

Hand Weapons
 a - a +0 dagger of venom (weapon)
 b - a +0 blowgun
 o - a +1 trident of flaming
Missiles
 r - 20 poisoned needles (quivered)
Jewellery
 g - a +2 ring of protection {unknown}
 x - an uncursed ring of positive energy {unknown}
Wands
 n - a wand of flame (15)
 u - a wand of disintegration (19)
Scrolls
 e - a scroll of amnesia {unknown}
 f - a scroll of enchant armour {unknown}
 i - a scroll of identify
 l - 3 scrolls of remove curse
 t - a scroll of magic mapping {unknown}
 v - a scroll of teleportation {unknown}
Potions
 c - a potion of curing {unknown}
 d - 3 potions of brilliance
 h - a potion of agility
 j - a potion of berserk rage {unknown}
 k - a potion of flight {unknown}
 m - a potion of degeneration {unknown}
 p - a potion of might {unknown}
 q - a potion of haste {unknown}
 w - a potion of magic {unknown}
Comestibles
 s - 5 rations
 z - 4 chunks of flesh


   Skills:
 - Level 3.1 Short Blades
 - Level 1.7 Dodging
 - Level 1.7 Stealth
 + Level 3.7 Spellcasting
 + Level 4.4 Conjurations
 - Level 4.0 Fire Magic


You had 6 spell levels left.
You knew the following spells:

 Your Spells              Type           Power        Failure   Level  Hunger
a - Flame Tongue          Conj/Fire      ###..        2%          1    None
b - Throw Flame           Conj/Fire      ###...       4%          2    ##.....
c - Conjure Flame         Conj/Fire      ###.....     8%          3    ###....

Your spell library contained the following spells:

 Spells                   Type           Power        Failure   Level  Hunger
 Inner Flame              Hex/Fire       ##......     21%         3    ###....
 Sticky Flame             Conj/Fire      ###.....     26%         4    ####...
 Fireball                 Conj/Fire      ###.......   58%         5    ######.


Dungeon Overview and Level Annotations

Branches:
Dungeon (5/15)
 Temple: D:4-7

Altars:
Cheibriados
Dithmenos
Hepliaklqana
The Shining One

Shops:
D:4 =


Innate Abilities, Weirdness & Mutations

Your plain brown scales are hard. (AC +6)
You cannot fit into any form of body armour.
You are cold-blooded and may be slowed by cold attacks.


Message History

An ice beast, 5 orcs and a centaur come into view.
An orc is wielding a +2 dagger of electrocution.
The orc priest shouts!
The orc shouts! x2; The orc wizard shouts!
The centaur wields a +0 shortbow.
The centaur shoots an arrow.
The arrow hits you. The orc misses you. The orc hits you with a +0 whip.
The ice beast barely misses you.
The centaur shoots an arrow.
The arrow hits you. The orc hits you with a +0 dagger.
The orc hits you but does no damage. The ice beast misses you.
You hear a shout!
Found a fustibalus and 14 stones.
There is a stone staircase leading up, spattered with blood here.
You see here an arrow.
The orc priest hits you with a +0 dagger.
The centaur shoots an arrow.
The arrow hits you!
* * * LOW HITPOINT WARNING * * *
The orc hits you but does no damage. The orc barely misses you.
The ice beast hits you.
* * * LOW HITPOINT WARNING * * *
The ice beast freezes you!
You die...

#........#
#..).....# .#
#........# ...
#........#
....#........##
.............
#.Yo......#
#oo@o......
.......o.......
.........####.#
. .........# ?#
.........#
...c.....#
..........
..(......#


You could see an ice beast, a centaur, an orc priest, an orc wizard and 3 orcs.

Vanquished Creatures
  An ogre (D:4)
  A bullfrog zombie (D:4)
  A hound (D:4)
  An orc priest (D:4)
  Crazy Yiuf (D:2)
  An iguana (D:4)
  Natasha (twice) (D:2)
  A hound skeleton (D:4)
  Robin (D:2)
  A gnoll (D:1)
  6 adders
  3 oozes
  5 leopard geckos
  10 orcs
  8 bats
  A giant cockroach (D:2)
  11 goblins
  9 hobgoblins
  4 jackals (D:3)
  8 kobolds
  5 quokkas
  3 ball pythons
  5 frilled lizards
  A leopard gecko skeleton (D:4)
  10 rats
100 creatures vanquished.

Notes
Turn   | Place    | Note
-------+----------+-------------------------------------------
     0 | D:1      | Matador8 the Draconian Fire Elementalist began the quest
                  | for the Orb.
     0 | D:1      | Reached XP level 1. HP: 14/14 MP: 3/3
   162 | D:1      | Reached XP level 2. HP: 20/20 MP: 3/5
   310 | D:1      | Learned a level 2 spell: Throw Flame
   784 | D:2      | Reached XP level 3. HP: 25/26 MP: 0/6
   837 | D:2      | Noticed Natasha
   896 | D:2      | Noticed Robin
   949 | D:2      | Learned a level 3 spell: Conjure Flame
  1500 | D:2      | Found a faded altar of an unknown god.
  1729 | D:2      | Killed Robin
  1734 | D:2      | Reached skill level 1 in Short Blades
  1802 | D:2      | Reached XP level 4. HP: 33/33 MP: 7/7
  1867 | D:2      | Killed Natasha
  1929 | D:2      | Found a runed translucent door.
  1930 | D:2      | Noticed Crazy Yiuf
  2203 | D:2      | Noticed Natasha
  2218 | D:2      | Killed Natasha
  2368 | D:2      | Killed Crazy Yiuf
  2368 | D:2      | Reached XP level 5. HP: 8/38 MP: 8/8
  3336 | D:3      | Found a hazy altar of Hepliaklqana.
  3471 | D:4      | Found a snail-covered altar of Cheibriados.
  3471 | D:4      | Found Bonto's Jewellery Boutique.
  3509 | D:4      | Found a glowing golden altar of the Shining One.
  3509 | D:4      | Found a shadowy altar of Dithmenos.
  3543 | D:4      | Reached XP level 6. HP: 36/45 MP: 7/10
  4617 | D:5      | Entered Level 5 of the Dungeon
  4688 | D:5      | Noticed an ice beast
  4689 | D:5      | Slain by an ice beast

Skill      XL: |  1  2  3  4  5  6 |
---------------+-------------------+-----
Conjurations   | 2 3 4 |  4.4
Short Blades   | 1 2 3 |  3.1
Fire Magic     | 4 |  4.0
Spellcasting   | 3 |  3.7
Dodging        | |  1.7
Stealth        | |  1.7

Action                   |  1- 3 |  4- 6 || total
-------------------------+-------+-------++-------
Melee: Unarmed           |    11 |       ||    11
       Tailslap          |     5 |    10 ||    15
       Dagger            |    51 |   137 ||   188
 Fire: Blowgun           |       |     3 ||     3
 Cast: Flame Tongue      |    33 |    32 ||    65
       Throw Flame       |     7 |    35 ||    42
       Conjure Flame     |     2 |     2 ||     4
  Use: Scroll            |       |     2 ||     2
 Stab: Sleeping          |     5 |     2 ||     7
  Eat: Chunk             |     4 |    12 ||    16
Armor: Skin              |    30 |    44 ||    74
Dodge: Dodged            |    41 |   116 ||   157
